 Dungeon Crawl Stone Soup version 0.21.1-1-g345015fe64 (webtiles) character file.

708 Kagerus the Insei (level 7, 0/46 HPs)
             Began as an Octopode Transmuter on June 17, 2018.
             Slain by an ice beast (14 damage)
             ... on level 5 of the Dungeon.
             The game lasted 00:23:33 (4992 turns).

Kagerus the Insei (Octopode Transmuter)             Turns: 4992, Time: 00:23:33

Health: 0/46       AC:  1    Str:  9    XL:     7   Next: 67%
Magic:  7/10       EV: 14    Int: 16    God:
Gold:   292        SH:  5    Dex: 14    Spells: 4/10 levels left

rFire    . . .     SeeInvis .   e - +2 dagger (speed)
rCold    . . .     Gourm    .   j - +0 buckler
rNeg     . . .     Faith    .   (helmet restricted)
rPois    .         Spirit   .   (no amulet)
rElec    .         Reflect  .   h - ring of wizardry
rCorr    .         Harm     .   m - ring of wizardry
MR       .....                  (no ring)
Stlth    ++........             (no ring)
HPRegen  0.15/turn              (no ring)
MPRegen  0.12/turn              (no ring)
                                (no ring)
                                (no ring)

@: no status effects
A: almost no armour, stealthy swim, amphibious, 8 rings, constrict 8, camouflage
1, gelatinous body 1
a: no special abilities


You were on level 5 of the Dungeon.
You were not hungry.

You visited 1 branch of the dungeon, and saw 5 of its levels.

You collected 292 gold pieces.

Inventory:

Hand Weapons
 e - a +2 dagger of speed (weapon)
 i - a +2 dagger of venom
Missiles
 a - 33 arrows
Armour
 j - a +0 buckler (worn)
Jewellery
 h - a ring of wizardry (left tentacle)
 m - a ring of wizardry (right tentacle)
 t - a cursed ring of teleportation {unknown}
Scrolls
 p - 2 scrolls of amnesia
 r - 2 scrolls of teleportation
 s - 2 scrolls of immolation
 u - a scroll of remove curse
 y - 2 scrolls of enchant weapon
Potions
 d - a potion of ambrosia {unknown}
 f - a potion of magic {unknown}
 g - a potion of curing
 k - 3 potions of flight {unknown}
 l - 3 potions of agility {unknown}
 n - 2 potions of cancellation {unknown}
 o - a potion of lignification {unknown}
 q - a potion of heal wounds {unknown}
 w - a potion of haste {unknown}
 x - a potion of resistance {unknown}
 z - a potion of berserk rage {unknown}
Books
 b - a book of Changes

   Spells                             Type                      Level
   a - Beastly Appendage              Transmutation                1
   b - Sticks to Snakes               Transmutation                2
   c - Spider Form                    Transmutation/Poison         3
   d - Ice Form                       Ice/Transmutation            4
   e - Blade Hands                    Transmutation                5
Comestibles
 c - 8 rations


   Skills:
 + Level 3.2 Fighting
 + Level 2.9 Short Blades
 - Level 3.1 Dodging
 - Level 3.0 Shields
 - Level 5.2 Unarmed Combat
 - Level 2.0 Spellcasting
 + Level 3.7 Transmutations


You had 4 spell levels left.
You knew the following spells:

 Your Spells              Type           Power        Failure   Level  Hunger
a - Beastly Appendage     Tmut           ##....       1%          1    #......
d - Spider Form           Tmut/Pois      #.........   9%          3    ###....
s - Sticks to Snakes      Tmut           ##......     2%          2    ###....


Dungeon Overview and Level Annotations

Branches:
Dungeon (5/15)             Temple (0/1) D:5

Altars:
Gozag
Kikubaaqudgha
Okawaru
Sif Muna
Trog


Innate Abilities, Weirdness & Mutations

You cannot wear most types of armour.
You are very stealthy in the water. (Stealth+)
You are amphibious.
You can wear up to eight rings at the same time.
You can use your tentacles to constrict eight enemies at once.
Your skin changes colour to match your surroundings (Stealth+).
Your rubbery body absorbs attacks. (AC +1, EV +1)


Message History

Your squeeze misses the ice beast.
The ice beast is lightly wounded.
Your ball python barely misses the ice beast.
You hit the ice beast but do no damage.
The ice beast is lightly wounded.
The ice beast hits you. The ice beast freezes you!
You hit the ice beast but do no damage.
Your ball python barely misses the ice beast.
Your ball python completely misses the ice beast.
Your ball python barely misses the ice beast.
You swap places.
Something hits your ball python.
Your ball python dies!
Your transformation is almost over.
The ice beast hits you. The ice beast freezes you.
Your ball python bites the ice beast but does no damage.
Your ball python bites the ice beast but does no damage.
Your ball python barely misses the ice beast.
Your tentacle spike disappears.
The ice beast hits you. The ice beast freezes you!
You die...

,,*,* *,**..**.# *,* ,,*,*
*,**#.##.# *,* *** ,,*,*
*,,,,..#.###.#*****,* ,,+,*
***###.#......,,,,,,*
,,************#.....#**,******,*
,,,,,,,,,,,,,*#.##.## *,* *,*
************,*#S##..# *,* *,*
,,,,* *,##Y###.###.# *,* ,,,,*
*,#..@.......# *,* ,,,,*
*,#..###.##..# *,*
************,#..#....#,.# *,*
,,,,,,,,,,,,,#..#.#..#,,# *,**
,,,,,,,,,,,,,#..#.<#.#,,* *,,,
************,####..#.#,,* ****
********* *,* #..#..,,*
,,,,,,,,****,***####...,*
*******,,,,,,,,,,,,,....*


You could see an ice beast and a friendly ball python.

Vanquished Creatures
  Sigmund (D:2)
  A scorpion (D:4)
  A vampire bat (D:3)
  A jelly (D:4)
  A bullfrog skeleton (D:5)
  2 orc wizards (D:4)
  An orc priest (D:4)
  Natasha (thrice) (D:2)
  Terence (D:2)
  9 adders
  3 worms
  A leopard gecko (D:4)
  An orc (D:4)
  3 bat skeletons (D:3)
  3 bat zombies (D:3)
  5 giant cockroaches
  9 goblins
  6 hobgoblins
  8 jackals (D:2)
  6 kobolds
  4 quokkas (D:4)
  4 bats
  2 frilled lizards (D:1)
  5 rats
81 creatures vanquished.

Vanquished Creatures (collateral kills)
  An ogre (D:4)
  The ghost of Sapher the Grave Robber, a weakling GnNe (D:3)
  An orc (D:4)
3 creatures vanquished.

Grand Total: 84 creatures vanquished

Notes
Turn   | Place    | Note
-------+----------+-------------------------------------------
     0 | D:1      | Kagerus the Octopode Transmuter began the quest for the Orb.
     0 | D:1      | Reached XP level 1. HP: 13/13 MP: 3/3
   223 | D:1      | Reached XP level 2. HP: 18/18 MP: 3/5
   795 | D:2      | Reached skill level 4 in Unarmed Combat
   875 | D:2      | Reached XP level 3. HP: 23/23 MP: 4/6
   880 | D:2      | Found an opulent altar of Gozag.
  1058 | D:2      | Noticed Sigmund
  1228 | D:2      | Learned a level 2 spell: Sticks to Snakes
  1272 | D:2      | Reached XP level 4. HP: 26/28 MP: 5/7
  1316 | D:2      | Noticed Natasha
  1433 | D:2      | Killed Natasha
  1433 | D:2      | Reached skill level 5 in Unarmed Combat
  1487 | D:2      | Noticed Terence
  1509 | D:2      | Killed Terence
  1509 | D:2      | Reached skill level 1 in Shields
  1567 | D:2      | Found an iron altar of Okawaru.
  1573 | D:2      | Reached XP level 5. HP: 28/33 MP: 8/8
  1985 | D:2      | Noticed Natasha
  1993 | D:2      | Killed Natasha
  2269 | D:2      | Noticed Natasha
  2277 | D:2      | Killed Natasha
  2300 | D:3      | Noticed Sapher's ghost (weakling GnNe)
  2386 | D:3      | Learned a level 3 spell: Spider Form
  2468 | D:3      | Killed Sapher's ghost
  2536 | D:3      | Found an ancient bone altar of Kikubaaqudgha.
  2550 | D:3      | Reached XP level 6. HP: 32/38 MP: 9/9
  3753 | D:2      | Killed Sigmund
  3753 | D:2      | Reached skill level 1 in Short Blades
  3897 | D:4      | Found a bloodstained altar of Trog.
  4060 | D:4      | Found a deep blue altar of Sif Muna.
  4308 | D:4      | Reached XP level 7. HP: 38/45 MP: 3/10
  4822 | D:5      | Entered Level 5 of the Dungeon
  4992 | D:5      | Slain by an ice beast

Skill      XL: |  1  2  3  4  5  6  7 |
---------------+----------------------+-----
Unarmed Combat | 4 5 |  5.2
Shields        | 1 3 |  3.0
Dodging        | 3 |  3.1
Fighting       | 2 3 |  3.2
Short Blades   | 2 |  2.9
Transmutations | 3 |  3.7
Spellcasting   | |  2.0

Action                   |  1- 3 |  4- 6 |  7- 9 || total
-------------------------+-------+-------+-------++-------
Melee: Unarmed           |    65 |     4 |       ||    69
       Constrict         |    20 |    28 |     9 ||    57
       Kick              |    11 |    23 |     9 ||    43
       Tentacles         |     9 |    27 |    10 ||    46
       Punch             |     2 |     4 |     3 ||     9
       Dagger            |       |   122 |    49 ||   171
 Cast: Beastly Appendage |    11 |    21 |     5 ||    37
       Sticks to Snakes  |     1 |    24 |     6 ||    31
  Use: Scroll            |     5 |     1 |     2 ||     8
       Potion            |       |     3 |       ||     3
 Stab: Sleeping          |     4 |     4 |     2 ||    10
  Eat: Chunk             |     1 |    11 |     1 ||    13
       Ration            |       |       |     1 ||     1
Armor: Skin              |     2 |     8 |       ||    10
Dodge: Dodged            |    37 |    80 |    12 ||   129
Block: Buckler           |     8 |    19 |     5 ||    32
